 Dungeon Crawl Stone Soup version 0.29-a0-322-g68df515428 (webtiles) character file.

Game seed: 10085628330024095017

103 kae the Firebug (level 4, -2/25 HPs)
             Began as a Tengu Fire Elementalist on Apr 6, 2022.
             Slain by a gnoll
             ... wielding a +0 whip
              (4 damage)
             ... on level 2 of the Dungeon.
             The game lasted 00:01:17 (3650 turns).

kae the Firebug (Tengu Fire Elementalist)           Turns: 3650, Time: 00:01:17

Health: -2/25      AC:  4    Str:  8    XL:     4   Next: 79%
Magic:  4/8        EV: 12    Int: 18    God:
Gold:   35         SH:  0    Dex: 14    Spells: 1/7 levels left

rFire   . . .      SeeInvis .     - Unarmed
rCold   . . .      Faith    .   (no shield)
rNeg    . . .      Spirit   .   p - +0 leather armour
rPois   .          Reflect  .   (helmet restricted)
rElec   .          Harm     .   n - +0 cloak
rCorr   .          Rampage  .   (no gloves)
Will    .....                   (boots unavailable)
Stlth   ++........              (no amulet)
HPRegen 0.08/turn               (no ring)
MPRegen 0.11/turn               (no ring)

@: very slightly contaminated
A: beak, talons 3
a: no special abilities


You were on level 2 of the Dungeon.
You visited 1 branch of the dungeon, and saw 3 of its levels.

You collected 35 gold pieces.

Inventory:

Missiles
 f - a throwing net
Armour
 a - a +0 robe
 n - a +0 cloak (worn)
 p - a +0 leather armour (worn)
Jewellery
 h - a ring of resist corrosion
 j - a ring of positive energy
Scrolls
 c - 2 scrolls of enchant armour {unknown}
 e - 3 scrolls of amnesia {unknown}
 g - 4 scrolls of identify {unknown}
 m - 2 scrolls of immolation {unknown}
 o - a scroll of magic mapping {unknown}
 q - 3 scrolls of enchant weapon {unknown}
Potions
 b - a potion of magic
 d - 2 potions of attraction {unknown}
 i - 2 potions of curing {unknown}
 k - a potion of haste {unknown}
 l - a potion of flight {unknown}
 r - a potion of might {unknown}


   Skills:
 + Level 1.3 Fighting
 + Level 2.6 Dodging
 - Level 2.0 Stealth
 + Level 1.3 Unarmed Combat
 + Level 2.4 Spellcasting
 + Level 2.3 Conjurations
 * Level 4.3 Fire Magic


You had one spell level left.
You knew the following spells:

 Your Spells              Type           Power      Damage    Failure   Level
a - Foxfire               Conj/Fire      56%        2x1d6     6%          1
b - Scorch                Fire           34%        2d7       6%          2
c - Conjure Flame         Conj/Fire      14%        6-21      19%         3

Your spell library contained the following spells:

 Spells                   Type           Power      Damage    Failure   Level
 Inner Flame              Hex/Fire       10%        N/A       30%         3
 Flame Wave               Conj/Fire      14%        2d6       54%         4
 Fulminant Prism          Conj/Hex       3%         3d6       83%         4
 Iskenderun's Mystic Bla  Conj/Tloc      6%         2d4       83%         4
 Lee's Rapid Deconstruct  Erth           1%         3d5*      100%        5


Dungeon Overview and Level Annotations

Branches:
Dungeon (3/15)

Altars:


Innate Abilities, Weirdness & Mutations

You have a beak for a mouth.
You have claws for feet.


Message History

Casting: Foxfire (safe; 6% risk of failure)
Confirm with . or Enter, or press ? or * to list all spells.
You conjure some foxfire!
The gnoll hits you from afar with a +0 spear. x2
The foxfire hits the gnoll.
The gnoll is heavily wounded.
The foxfire hits the gnoll.
The gnoll is almost dead.
The gnoll hits you from afar with a +0 spear.
The gnoll barely misses you.
The gnoll hits you from afar with a +0 spear.
* * * LOW HITPOINT WARNING * * *
The gnoll closely misses you.
You climb upwards.
There is a stone staircase leading down here.
Magic restored.
Key pressed, stopping explore.
HP restored.
Done exploring.
Done exploring.
You climb downwards.
The gnoll hits you with a +0 whip!
There is a stone staircase leading up, spattered with blood here.
The gnoll hits you with a +0 whip.
The gnoll hits you from afar with a +0 spear.
* * * LOW HITPOINT WARNING * * *
You climb upwards.
There is a stone staircase leading down here.
Casting: Foxfire (safe; 6% risk of failure)
Confirm with . or Enter, or press ? or * to list all spells.
You miscast Scorch.
You are very lightly contaminated with residual magic.
Nothing appears to happen.
The gnoll misses you.
Casting: Scorch (safe; 6% risk of failure)
Confirm with . or Enter, or press ? or * to list all spells.
Flames lash the gnoll.
The gnoll is severely wounded.
The gnoll's fire resistance burns away.
The gnoll hits you with a +0 whip.
* * * LOW HITPOINT WARNING * * *
The gnoll hits you with a +0 whip.
You die...

......<######.........# #.#.#.
..####................# #.....
..# #.######.........# #.#.##
..####.# #.........# #.#.#
....##.# #.........# #.###
#.####.# #.........# #.# #.#
#.# #.........# #.# #.# #.#
#.........# #.# ..# #.#
#..)@.....# #.# #.# #.#
####g###### #.# #.# #.# #.#
#.#
..####.#########.###########.#
.............................#
#.####.#########.#############
#.# #.# #.# #.####.#########.#
#................#


You could see a gnoll (combustible).

Vanquished Creatures
  A gnoll (D:2)
  3 adders (D:2)
  2 dart slugs (D:1)
  2 worms (D:2)
  An orc (D:3)
  8 endoplasms
  4 giant cockroaches
  9 hobgoblins
  3 quokkas
  3 ball pythons
  7 bats
  A frilled lizard (D:1)
  4 goblins
  3 kobolds
  2 rats
53 creatures vanquished.

Vanquished Creatures (collateral kills)
  A foxfire (D:1)
1 creature vanquished.

Vanquished Creatures (others)
  198 foxfires
198 creatures vanquished.

Grand Total: 252 creatures vanquished

Notes
Turn   | Place    | Note
-------+----------+-------------------------------------------
     0 | D:1      | kae the Tengu Fire Elementalist began the quest for the
                  | Orb.
     0 | D:1      | Reached XP level 1. HP: 10/10 MP: 4/4
   232 | D:1      | Reached XP level 2. HP: 16/16 MP: 3/6
   810 | D:1      | Reached XP level 3. HP: 20/20 MP: 5/7
  1312 | D:1      | Reached skill level 4 in Fire Magic
  1470 | D:1      | Found a faded altar of an unknown god.
  1756 | D:2      | Reached skill level 1 in Fighting
  2049 | D:2      | Reached XP level 4. HP: 21/25 MP: 5/8
  2194 | D:2      | Reached skill level 1 in Unarmed Combat
  3224 | D:2      | Learned a level 2 spell: Scorch
  3228 | D:2      | Learned a level 3 spell: Conjure Flame
  3650 | D:2      | Slain by a gnoll

Illustrated notes

Levels and vault maps discovered:
D:1:      psy_arrival_dodecagon, layout_basic, basic_ecumenical_altar,
          serial_bayou_ford_a, minmay_curled_crystal
D:2:      layout_basic
D:3:      layout_basic

Skill      XL: |  1  2  3  4 |
---------------+-------------+-----
Conjurations   | 2 |  2.3
Fire Magic     | 4 |  4.3
Fighting       | 1 |  1.3
Unarmed Combat | 1 |  1.3
Dodging        | |  2.6
Stealth        | |  2.0
Spellcasting   | |  2.4

Action                   |  1- 3 |  4- 6 || total
-------------------------+-------+-------++-------
Melee: Unarmed           |    26 |       ||    26
       Kick              |     4 |       ||     4
       Peck              |     2 |       ||     2
 Cast: Foxfire           |    72 |    45 ||   117
       Scorch            |       |     3 ||     3
 Stab: Sleeping          |     1 |       ||     1
Armor: Robe              |    17 |       ||    17
       Leather armour    |       |     4 ||     4
Dodge: Dodged            |    32 |    18 ||    50

Table legend: (Time is in decaauts)
 A = Elapsed time spent in this place.
 B = Non-inter-level travel time spent in this place.
 C = Inter-level travel time spent in this place.
 D = Time resting spent in this place.
 E = Time spent auto-exploring this place.
 F = Levels seen in this place.
 G = Mean time per level.
                   A        B        C        D        E       F      G
               +--------+--------+--------+--------+--------+-----+--------+
         Total |   3661 |   3542 |    119 |    245 |   2827 |   3 | 1220.3 |
       Dungeon |   3661 |   3542 |    119 |    245 |   2827 |   3 | 1220.3 |
               +--------+--------+--------+--------+--------+-----+--------+

Top non-repeatable levels by time:
     D:2: 1875 daAuts
     D:1: 1526 daAuts
     D:3: 259 daAuts
